 Dungeon Crawl Stone Soup version 0.27-a0-1140-g099f9bb0e8 (webtiles) character file.

Game seed: 18153325269927933030

118 leviel the Skirmisher (level 4, 0/39 HPs)
             Began as a Palentonga Fighter on May 8, 2021.
             Slain by a gnoll
             ... wielding a +0 spear
              (7 damage)
             ... on level 3 of the Dungeon.
             The game lasted 00:02:16 (1896 turns).

leviel the Skirmisher (Palentonga Fighter)          Turns: 1896, Time: 00:02:16

Health: 0/39       AC: 11    Str: 20    XL:     4   Next: 72%
Magic:  4/4        EV:  5    Int:  9    God:
Gold:   81         SH:  9    Dex:  9    Spells: 3/3 levels left

rFire    . . .     SeeInvis +   a - +0 war axe
rCold    . . .     Faith    .   c - +0 kite shield
rNeg     . . .     Spirit   .   b - +0 scale mail
rPois    .         Reflect  .   h - +0 helmet
rElec    .         Harm     .   (no cloak)
rCorr    .         Rampage  .   (no gloves)
Will     .....                  (no barding)
Stlth    ..........             (no amulet)
HPRegen  0.13/turn              o - +4 ring of protection
MPRegen  0.09/turn              (no ring)

@: no status effects
A: large, rugged brown scales 3, see invisible, deformed body, roll 1, armoured
tail
a: Rolling Charge


You were on level 3 of the Dungeon.
You visited 1 branch of the dungeon, and saw 3 of its levels.

You collected 81 gold pieces.

Inventory:

Hand Weapons
 a - a +0 war axe (weapon)
Armour
 b - a +0 scale mail (worn)
 c - a +0 kite shield (worn)
 h - a +0 helmet (worn)
Jewellery
 o - a +4 ring of protection (left hand)
Scrolls
 f - a scroll of amnesia {unknown}
 i - 2 scrolls of blinking {unknown}
 n - a scroll of noise {unknown}
 p - a scroll of enchant armour {unknown}
Potions
 d - a potion of might
 e - 2 potions of degeneration {unknown}
 g - a potion of curing {unknown}
 j - 2 potions of haste {unknown}
 k - a potion of heal wounds {unknown}
 l - a potion of resistance {unknown}
 m - a potion of lignification {unknown}


   Skills:
 * Level 3.7 Fighting
 + Level 3.1 Axes
 + Level 3.0 Armour
 + Level 0.4 Dodging
 + Level 2.9 Shields


You had 3 spell levels left.
You didn't know any spells.
Your spell library contained the following spells:

 Spells                   Type           Power      Damage    Failure   Level
 Summon Small Mammal      Summ           0%         N/A       99%         1
 Call Imp                 Summ           0%         N/A       99%         2
 Call Canine Familiar     Summ           0%         N/A       100%        3
 Summon Guardian Golem    Hex/Summ       0%         N/A       100%        3
 Summon Ice Beast         Ice/Summ       0%         N/A       100%        4
 Summon Lightning Spire   Summ/Air       0%         N/A       100%        4


Dungeon Overview and Level Annotations

Branches:
Dungeon (3/15)

Altars:
Uskayaw


Innate Abilities, Weirdness & Mutations

You are completely covered in rugged brown scales. (AC +3, +7% HP)
You have supernaturally acute eyesight. (SInv)
Armour fits poorly on your strangely shaped body.
You can roll at nearby foes to attack.
You have a long armoured tail.


Message History

The gnoll hits you with a +0 spear.
Things that are here:
a +0 flail; a gnoll corpse There's nothing you can charge at!
You closely miss the gnoll. You block the gnoll's attack.
A gnoll comes into view. It is wielding a +0 spear.
The gnoll barely misses you.
You slash the gnoll!
The gnoll is heavily wounded.
The gnoll hits you but does no damage. You block the gnoll's attack.
The gnoll hits you from afar with a +0 spear!
You barely miss the gnoll.
The gnoll is heavily wounded.
The gnoll hits you with a +0 spear. You block the gnoll's attack.
The gnoll hits you with a +0 spear!
You hit the gnoll.
The gnoll is severely wounded.
The gnoll hits you from afar with a +0 spear.
You block the gnoll's attack. The gnoll hits you but does no damage.
You are too injured to fight recklessly!
You are too injured to fight recklessly!
You are too injured to fight recklessly!
You are too injured to fight recklessly!
You are too injured to fight recklessly!
You slash the gnoll!
You kill the gnoll!
The gnoll hits you from afar with a +0 spear.
* * * LOW HITPOINT WARNING * * *
Your Armour skill increases to level 3!
You are too injured to fight recklessly!
The gnoll hits you with a +0 spear.
* * * LOW HITPOINT WARNING * * *
You barely miss the gnoll. You block the gnoll's attack. x2
You hit the gnoll but do no damage. The gnoll hits you but does no damage.
You barely miss the gnoll.
The gnoll hits you but does no damage. x2
You hit the gnoll.
You tail-slap the gnoll, but do no damage.
The gnoll is moderately wounded.
The gnoll hits you with a +0 spear!
You die...

### ##.# ..# #)# ## #g# ..
#@####### .# #######.##....# .#
#.......##.##+## .#
#.####..##.....# .# #.
#...........# .# .##### #.
#...........# ... .....#####.
#...........#####..#
...).......##..................#
<###.####....##..#..##.###..##.#


You could see a gnoll.

Vanquished Creatures
  An orc priest (D:3)
  2 gnolls (D:3)
  A white imp (D:3)
  A dart slug (D:3)
  3 orcs (D:3)
  7 ball pythons
  5 bats
  7 endoplasms
  4 giant cockroaches
  4 goblins (D:1)
  6 hobgoblins
  A quokka (D:2)
  4 frilled lizards
  6 kobolds
  6 rats
58 creatures vanquished.

Notes
Turn   | Place    | Note
-------+----------+-------------------------------------------
     0 | D:1      | leviel the Palentonga Fighter began the quest for the Orb.
     0 | D:1      | Reached XP level 1. HP: 19/19 MP: 1/1
   293 | D:1      | Reached XP level 2. HP: 24/25 MP: 2/2
   456 | D:1      | Found a faded altar of an unknown god.
   966 | D:2      | Reached XP level 3. HP: 31/31 MP: 3/3
  1344 | D:3      | Reached XP level 4. HP: 30/37 MP: 4/4
  1631 | D:3      | Found a hide-covered altar of Uskayaw.
  1896 | D:3      | Slain by a gnoll

Illustrated notes

Levels and vault maps discovered:
D:1:      nagdon_arrival_double_spiral, layout_basic,
          chequers_ecumenical_altar_grove
D:2:      layout_rooms
D:3:      layout_basic, overflow_temple_1_default, minmay_fractal_squares_5

Skill      XL: |  1  2  3  4 |
---------------+-------------+-----
Axes           | 3 |  3.1
Armour         | 3 |  3.0
Fighting       | |  3.7
Dodging        | |  0.4
Shields        | |  2.9

Action                   |  1- 3 |  4- 6 || total
-------------------------+-------+-------++-------
Melee: War axe           |    84 |    45 ||   129
       Tailslap          |     9 |     4 ||    13
 Abil: Rolling Charge    |     6 |     1 ||     7
Armor: Scale mail        |    46 |    38 ||    84
Dodge: Dodged            |    21 |    13 ||    34
Block: Kite shield       |    36 |    26 ||    62

Table legend: (Time is in decaauts)
 A = Elapsed time spent in this place.
 B = Non-inter-level travel time spent in this place.
 C = Inter-level travel time spent in this place.
 D = Time resting spent in this place.
 E = Time spent auto-exploring this place.
 F = Levels seen in this place.
 G = Mean time per level.
                   A        B        C        D        E       F      G
               +--------+--------+--------+--------+--------+-----+--------+
         Total |   1970 |   1867 |    103 |    151 |   1344 |   3 |  656.7 |
       Dungeon |   1970 |   1867 |    103 |    151 |   1344 |   3 |  656.7 |
               +--------+--------+--------+--------+--------+-----+--------+

Top non-repeatable levels by time:
     D:1: 934 daAuts
     D:3: 617 daAuts
     D:2: 418 daAuts
